 Dungeon Sprint DCSS version 0.31-a0-43-g46d131a48f (webtiles) character file.

Game seed: 369525836027151280

9 rocky1 the Digger (level 2, 0/22 HPs)
             Began as a Gargoyle Earth Elementalist on May 20, 2023.
             Was a Believer of Sif Muna.
             Slain by a flying skull (12 damage)
             ... in the Dungeon (Sprint VII: "The Pits").
             The game lasted 00:01:37 (479 turns).

rocky1 the Digger (Gargoyle Earth Elementalist)      Turns: 479, Time: 00:01:38

Health: 0/22       AC:  4    Str: 11    XL:     2   Next: 12%
Magic:  5/6        EV: 11    Int: 15    God:    Sif Muna [**....]
Gold:   0          SH:  0    Dex: 10    Spells: 7/8 levels left

rFire   . . .        k - +2 mace (heavy)
rCold   . . .        (no shield)
rNeg    + . .        a - +0 robe
rPois   ∞            (no helmet)
rElec   +            (no cloak)
rCorr   .            (no gloves)
SInv    .            (no boots)
Will    .....        (no amulet) Stlth
                     (no ring)
HPRegen 0.23/turn    (no ring)
MPRegen 0.10/turn

%: no teleportation
@: berserking (expiring), invisible, very quick
A: sickness immunity, AC +2, negative energy resistance 1, electricity
resistance, torment resistance 1, petrification resistance
a: Renounce Religion, Channel Magic


You were in the Dungeon.
You worshipped Sif Muna.
Sif Muna was pleased with you.
You visited 1 branch

Inventory:

Hand Weapons
 k - a +2 heavy mace (weapon)
Armour
 a - a +0 robe (worn)
Scrolls
 g - a scroll of blinking
 i - 5 scrolls of amnesia
 j - a scroll of summoning
Potions
 b - 5 potions of magic
 c - 6 potions of curing
 d - 6 potions of heal wounds
 e - a potion of haste
 f - 2 potions of berserk rage
 h - a potion of invisibility


   Skills:
 - Level 1.5 Dodging
 - Level 2.1 Stealth
 * Level 3.6 Spellcasting
 - Level 0.7 Transmutations
 + Level 4.6 Earth Magic


You had 7 spell levels left.
You knew the following spells:

 Your Spells              Type           Power      Damage    Failure   Level
a - Sandblast             Erth           32%        2d9       2%          1

Your spell library contained the following spells:

 Spells                   Type           Power      Damage    Failure   Level
 Passwall                 Tmut/Erth      8%         N/A       10%         2
 Stone Arrow              Conj/Erth      18%        3d8       22%         3
 Petrify                  Tmut/Erth      10%        N/A       54%         4


Dungeon Overview and Level Annotations

Branches:
Dungeon (1/1)

Altars:
Ashenzari
Cheibriados
Dithmenos
Elyvilon
Fedhas
Gozag
Hepliaklqana
Kikubaaqudgha
Makhleb
Nemelex Xobeh
Okawaru
Qazlal
Ru
Sif Muna
Trog
Uskayaw
Vehumet
Wu Jian
Xom
Yredelemnul
Zin
The Shining One
Jiyva
Lugonu

Annotations:
D Crazy Yiuf, Dowan, Duvessa


Innate Abilities, Weirdness & Mutations

You are immune to sickness and miasma.
Your stone body is resilient. (AC +2)
You are immune to poison.
You resist negative energy. (rN+)
You are resistant to electric shocks. (rElec)
You are resistant to unholy torment.
You are immune to petrification.


Message History

A jelly comes into view.
A gnoll comes into view. It is wielding a +0 club.
Duvessa, Sister of Dowan comes into view.
She is wielding a +0 rapier.
You hear an angry hiss.
You hear a hideous shriek!
Duvessa shouts!
A flying skull comes into view.
The gnoll bouda barks out a call to the hunt!
The gnolls pick up the pace!
A water moccasin comes into view.
Aiming: Sandblast (safe; 2% risk of failure)
Press: ? - help, Q - select action, (/) - cycle Shift-Dir - straight line, f - flying skull
Aim: a flying skull (66% to hit)
The blast of sand hits the flying skull but does no damage.
Duvessa gestures with her weapon.
The flying skull misses you.
Crazy Yiuf the Enlightened comes into view.
He is wielding a +4 quarterstaff of chaos.
You fade into invisibility!
The flying skull misses you. The flying skull closely misses you.
Duvessa says, "When magic and the sword combine, nothing stands against them."
Unknown command.
A red film seems to cover your vision as you go berserk!
You feel yourself moving faster!
You feel mighty!
Crazy Yiuf shouts!
The flying skull hits you!
You miss the flying skull.
Crazy Yiuf shouts!
The flying skull barely misses you. The flying skull hits you.
You hit the flying skull but do no damage.
Crazy Yiuf shouts!
The flying skull closely misses you. The flying skull misses you. x2
Dowan, Brother of Duvessa comes into view.
He is wielding a +1 dagger of freezing.
You barely miss the flying skull.
Dowan shouts!
The flying skull closely misses you.
The flying skull hits you but does no damage.
You hit the flying skull.
The flying skull is lightly damaged.
The flying skull hits you!
Ouch! That really hurt!
You die...

##########.##.....
#...........'.....
#'#####'#####.....
#.#..#.....##.....
#.#))#####'#####'#
#.#))#...).##.....
#.#.)#.....##.....
#.#[[###)####.....
#@##'#.....##...<.
#z#........##.....
#g#........##.....
#S###########.....


#ge ###### #ge# #g.. ##.## g. You could see Duvessa (unable to see you), a water
moccasin (unable to see you), Dowan (unable to see you), a flying skull (unable
to see you), a gnoll bouda (unable to see you) and 3 gnolls.

Vanquished Creatures
  2 bat skeletons (D)
  A giant cockroach (D)
  A hobgoblin (D)
  A ball python (D)
  A ball python skeleton (D)
  A frilled lizard (D)
  2 kobolds (D)
9 creatures vanquished.

Notes
Turn   | Place    | Note
-------+----------+-------------------------------------------
     0 | D        | rocky1 the Gargoyle Earth Elementalist began the quest for
                  | the Orb.
     0 | D        | Reached XP level 1. HP: 10/10 MP: 3/3
    58 | D        | Found a bloodstained altar of Trog.
    58 | D        | Found a shimmering blue altar of Sif Muna.
    58 | D        | Found a viscous altar of Jiyva.
    58 | D        | Found a hazy altar of Hepliaklqana.
    58 | D        | Found an opulent altar of Gozag.
    59 | D        | Found a glowing golden altar of the Shining One.
    59 | D        | Found a glowing silver altar of Zin.
    59 | D        | Found a basalt altar of Yredelemnul.
    59 | D        | Found a shimmering altar of Xom.
    59 | D        | Found an ornate altar of the Wu Jian Council.
    59 | D        | Found a sacrificial altar of Ru.
    59 | D        | Found a stormy altar of Qazlal.
    59 | D        | Found an iron altar of Okawaru.
    59 | D        | Found a sparkling altar of Nemelex Xobeh.
    59 | D        | Found a burning altar of Makhleb.
    59 | D        | Found a blossoming altar of Fedhas.
    59 | D        | Found a white marble altar of Elyvilon.
    59 | D        | Found a shadowy altar of Dithmenos.
    59 | D        | Found a snail-covered altar of Cheibriados.
    61 | D        | Found a radiant altar of Vehumet.
    61 | D        | Found a corrupted altar of Lugonu.
    62 | D        | Found a hide-covered altar of Uskayaw.
    62 | D        | Found an ancient bone altar of Kikubaaqudgha.
    62 | D        | Found a broken altar of Ashenzari.
    64 | D        | Became a worshipper of Sif Muna the Loreminder
    94 | D        | Reached skill level 4 in Earth Magic
   218 | D        | Reached * piety under Sif Muna
   265 | D        | Reached ** piety under Sif Muna
   266 | D        | Reached XP level 2. HP: 13/15 MP: 3/6
   470 | D        | Noticed Duvessa
   471 | D        | Noticed a flying skull
   471 | D        | Noticed a water moccasin
   473 | D        | Noticed Crazy Yiuf
   477 | D        | Noticed Dowan
   479 | D        | Slain by a flying skull

Illustrated notes

Levels and vault maps discovered:
D:        pitsprint [storerooms_1, entrance_room_1, metal_vault_5, armoury_1,
          mini_pit_1, grid_room_1, main_hall_1, silver_pit, the_coven_2,
          the_vestibule_1, steel_vault_3, golden_pit, hallway_of_sentries,
          crystal_vault_4, iron_vault_4, final_vault]

Skill      XL: |  1 |
---------------+----+-----
Earth Magic    | 4 |  4.6
Spellcasting   | 3 |  3.6
Dodging        | |  1.5
Stealth        | |  2.1
Transmutations | |  0.7

Action                     || total
---------------------------++-------
  Melee: Unarmed           ||     2
         Mace              ||     4
   Cast: Sandblast         ||    13
    Use: Potion            ||     2
 Armour: Robe              ||     6
  Dodge: Dodged            ||    17

Table legend: (Time is in decaauts)
 A = Elapsed time spent in this place.
 B = Non-inter-level travel time spent in this place.
 C = Inter-level travel time spent in this place.
 D = Time resting spent in this place.
 E = Time spent auto-exploring this place.
 F = Levels seen in this place.
 G = Mean time per level.
                   A        B        C        D        E       F      G
               +--------+--------+--------+--------+--------+-----+--------+
         Total |    486 |    469 |     17 |    331 |      0 |   1 |  486.0 |
       Dungeon |    486 |    469 |     17 |    331 |      0 |   1 |  486.0 |
               +--------+--------+--------+--------+--------+-----+--------+

Top non-repeatable levels by time:
       D: 486 daAuts
